 Dungeon Crawl Stone Soup version 0.22.0-27-ga576289601 (webtiles) character file.

58 Morbidden the Changer (level 3, 0/28 HPs)
             Began as a Draconian Transmuter on Aug 22, 2018.
             Succumbed to an adder's poison
             ... on level 2 of the Dungeon.
             The game lasted 00:01:43 (1188 turns).

Morbidden the Changer (Draconian Transmuter)        Turns: 1188, Time: 00:01:44

Health: 0/28       AC:  5    Str: 13    XL:     3   Next: 75%
Magic:  5/6        EV: 12    Int: 13    God:
Gold:   54         SH:  0    Dex: 11    Spells: 5/6 levels left

rFire    . . .     SeeInvis .     - Unarmed
rCold    . . .     Gourm    .   (no shield)
rNeg     . . .     Faith    .   (armour unavailable)
rPois    .         Spirit   .   (helmet restricted)
rElec    .         Reflect  .   (no cloak)
rCorr    .         Harm     .   (no gloves)
MR       .....                  (no boots)
Stlth    +.........             (no amulet)
HPRegen  0.09/turn              (no ring)
MPRegen  0.10/turn              (no ring)

@: lethally poisoned (0 -> -1), appendage
A: unfitting armour, horns 2, cold-blooded, AC +5
a: End Transformation


You were on level 2 of the Dungeon.
You were very hungry.
You had grown temporary horns.
You visited 1 branch of the dungeon, and saw 2 of its levels.

You collected 54 gold pieces.

Inventory:

Missiles
 a - 12 arrows
Scrolls
 d - a scroll of amnesia {unknown}
 f - a scroll of remove curse {unknown}
 g - a scroll of enchant weapon {unknown}
 h - a scroll of teleportation {unknown}
 k - a scroll of identify {unknown}
Potions
 b - 2 potions of heal wounds {unknown}
 e - a potion of curing {unknown}
 i - a potion of brilliance {unknown}
 j - a potion of invisibility {unknown}
Comestibles
 c - 5 rations


   Skills:
 - Level 1.1 Fighting
 - Level 1.7 Dodging
 - Level 3.0 Unarmed Combat
 - Level 2.0 Spellcasting
 + Level 4.1 Transmutations


You had 5 spell levels left.
You knew the following spells:

 Your Spells              Type           Power        Failure   Level  Hunger
a - Beastly Appendage     Tmut           ##....       4%          1    ##.....

Your spell library contained the following spells:

 Spells                   Type           Power        Failure   Level  Hunger
 Sticks to Snakes         Tmut           ##......     7%          2    ###....
 Spider Form              Tmut/Pois      #.........   32%         3    ####...
 Ice Form                 Ice/Tmut       #.......     71%         4    #####..
 Blade Hands              Tmut           ##........   77%         5    ######.


Dungeon Overview and Level Annotations

Branches:
Dungeon (2/15)

Altars:


Innate Abilities, Weirdness & Mutations

Your plain brown scales are hard. (AC +5)
You cannot fit into any form of body armour.
You are cold-blooded and may be slowed by cold attacks.
You have a pair of horns on your head.


Message History

You feel sick.
You see here an adder corpse.
You open the door.
A worm comes into view.
Unknown command.
There is an open door here.
The helpless worm fails to defend itself.
You hit the worm but do no damage.
You feel sick. The worm bites you.
You hit the worm.
The worm is moderately wounded.
You hit the worm.
The worm is heavily wounded.
The worm bites you!
* * * LOW HITPOINT WARNING * * *
You hit the worm.
The worm is severely wounded.
The worm barely misses you.
You barely miss the worm.
The worm is severely wounded.
You die...

#. #. #.#####
#.....########
##.....#......#
......#......#
######....#......#####
#...w@†...+....(......
#.####....#.......####
#....#'#####.#
#....##.).....#.#
#.##.##.......#.# #
#.##.......#.#
..##.......#.#
...........#.#
##.......#


You could see a worm.

Vanquished Creatures
  3 adders (D:2)
  An adder zombie (D:2)
  2 leopard geckos (D:2)
  A bat (D:1)
  2 giant cockroaches (D:1)
  4 goblins (D:1)
  5 hobgoblins
  3 frilled lizards
  2 kobolds (D:1)
  2 rats (D:1)
25 creatures vanquished.

Notes
Turn   | Place    | Note
-------+----------+-------------------------------------------
     0 | D:1      | Morbidden the Draconian Transmuter began the quest for the Orb.
     0 | D:1      | Reached XP level 1. HP: 16/16 MP: 3/3
   320 | D:1      | Reached XP level 2. HP: 23/23 MP: 3/5
   489 | D:1      | Reached skill level 3 in Transmutations
   956 | D:2      | Reached XP level 3. HP: 16/28 MP: 6/6
  1163 | D:2      | Reached skill level 4 in Transmutations
  1186 | D:2      | HP: 1/28 [worm (9)]
  1188 | D:2      | Succumbed to an adder's poison

Skill      XL: |  1  2  3 |
---------------+----------+-----
Transmutations | 3 4 |  4.1
Fighting       | |  1.1
Dodging        | |  1.7
Unarmed Combat | |  3.0
Spellcasting   | |  2.0

Action                   || total
-------------------------++-------
Melee: Unarmed           ||   100
       Kick              ||     5
       Tailslap          ||     8
       Headbutt          ||     8
       Punch             ||     1
 Cast: Beastly Appendage ||    14
 Stab: Sleeping          ||     3
Armor: Skin              ||    26
Dodge: Dodged            ||    53
